AoeStats
← RoR | Vodka_L_2

Arena

510291567Analyzed
1v1 RM · 2d ago on Sep 30, 2026· 21m 22s· 2 players
Game mode
Random Map
Map size
Tiny (2 player)
Population
200
Speed
Normal
Resources
Standard
Victory
Conquest
Starting age
Dark Age
Ending age
Imperial Age
RankedLock teamsTeams togetherTeam positionsShared explorationLock speedFull tech treeHidden civsTurbo modeCheats
Victory
Defeat
🇹🇼 Armenians · Taiwan
2473
+20
🇮🇹 Saracens · Italy
2563
-20
TWNBS_Jian Hei
9:36 Feudal Age
8:34 Loom
13:11 Castle Age
11:48 Double-Bit Axe
12:00 Double-Bit Axe
15:36 Sanctity
15:39 Forging
20:47 Scale Mail Armor
RoR | Vodka_L_2
10:49 Feudal Age
14:31 Castle Age
12:35 Double-Bit Axe
12:46 Horse Collar
15:07 Light Cavalry
19:05 Forging
20:02 Bloodlines
Connection lost

Rejoining the realm…

Still unreachable

The connection could not be restored.

Session expired

The server has moved on; the page needs a fresh start.